 Dungeon Crawl Stone Soup version 0.15.2 (webtiles) character file.

7751 Huymann the Basher (level 11, -5/178 HPs)
             Began as an Ogre Berserker on Feb 12, 2015.
             Was a High Priest of Trog.
             Slain by a troll (15 damage)
             ... on Level 10 of the Dungeon.
             The game lasted 01:06:41 (11613 turns).

Huymann the Basher (Ogre Berserker)                Turns: 11613, Time: 01:06:41

HP  -5/178       AC  4     Str 29      XL: 11   Next: 20%
MP  22/22        EV 14     Int  8      God: Trog [*****.]
Gold 586         SH  0     Dex 13      Spells:  0 memorised, 10 levels left

rFire  . . .     SeeInvis +     T - +7 giant club of Insomnia {flame, Int+1}
rCold  . . .     Clarity  .     b - +1 animal skin
rNeg   . . .     rCorr    .     (shield restricted)
rPois  .         rRot     .     (helmet restricted)
rElec  .         Spirit   .     (no cloak)
SustAb +         Warding  .     (gloves unavailable)
rMut   .         Stasis   .     (boots unavailable)
Gourm  .                        (no amulet)
MR     +....                    K - ring of sustain abilities
                                n - ring of see invisible

@: berserking, very quick, somewhat resistant to hostile enchantments, extremely
unstealthy
A: unfitting armour, horns 1, agile 1, high mp 1, tough skin 1
a: Burn Spellbooks, Berserk, Trog's Hand, Brothers in Arms, Renounce Religion


You were on level 10 of the Dungeon.
You worshipped Trog.
Trog was extremely pleased with you.
You were hungry.

You visited 1 branch of the dungeon, and saw 10 of its levels.

You collected 586 gold pieces.

Inventory:

Hand weapons
 a - a +0 mace
 q - a +2 giant spiked club
 y - a +0 vampiric trident
 T - the +7 giant club of Insomnia (weapon) {flame, Int+1}
   (Trog gifted it to you on level 10 of the Dungeon)

   It emits flame when wielded, causing extra injury to most foes and up to
   double damage against particularly susceptible opponents.
   It affects your intelligence (+1).
 W - the +5 long sword of the Ghost {slice, +Blink +Fly rElec Stlth--, unknown}
   (You found it on level 10 of the Dungeon)

   It inflicts extra damage upon your enemies.
   It insulates you from electricity.
   It lets you fly.
   It lets you blink.
   It makes you much less stealthy.
 Y - the +7 greatsling "Punk" {freeze, rC+}
   (You found it on level 10 of the Dungeon)

   It turns projectiles fired from it into bolts of frost.
   It protects you from cold.
Missiles
 f - 28 poisoned needles
 g - 15 stones
 j - 7 steel tomahawks
 O - 3 large rocks (quivered)
Armour
 b - a +1 animal skin (worn)
 e - a +0 robe
 D - a +0 robe
 I - a +0 animal skin
Magical devices
 o - a wand of digging (16)
 x - a wand of lightning (6)
 B - a wand of confusion (5)
 H - a wand of cold (7)
 Q - a wand of lightning (6)
Comestibles
 c - 6 meat rations
 h - 8 beef jerkies
 i - 8 royal jellies
 k - 12 fruits
 r - 3 bread rations
 G - 4 slices of pizza
 P - 2 rotting chunks of wolf flesh
Scrolls
 m - 2 scrolls of magic mapping
 p - 4 scrolls of recharging
 w - 2 scrolls of enchant armour
 A - 5 scrolls of teleportation
 J - 3 scrolls of remove curse
 M - a scroll of fear
 U - a scroll of holy word {unknown}
Jewellery
 n - a ring of see invisible (left hand)
 K - a ring of sustain abilities (right hand)
 L - an uncursed ring of positive energy {unknown}
 R - an uncursed ring of positive energy {unknown}
 X - an uncursed amulet of faith {unknown}
Potions
 d - a potion of resistance
 l - 2 potions of heal wounds
 t - a potion of cancellation {unknown}
 u - a potion of magic
 v - 5 potions of haste
 z - a potion of might
 C - a potion of degeneration {unknown}
 E - a potion of poison {unknown}
 F - a potion of restore abilities {unknown}
 N - a potion of porridge
 S - a potion of curing
Books
 s - a book of Beasts

   Spells                             Type                      Level
   Summon Butterflies                 Summoning                    1
   Call Canine Familiar               Summoning                    3
   Summon Ice Beast                   Ice/Summoning                4
   Summon Mana Viper                  Hexes/Summoning              5
   Monstrous Menagerie                Summoning                    6
   Summon Hydra                       Summoning                    7
   Trog disapproves of the use of such an item.


   Skills:
 + Level 10.3 Fighting
 + Level 11.8 Maces & Flails
 + Level 1.3 Throwing
 + Level 8.0 Dodging
 * Level 6.6 Stealth
 * Level 5.6 Evocations


You had 10 spell levels left.
You didn't know any spells.

Dungeon Overview and Level Annotations

Branches:
Dungeon (10/15)            Temple (0/1) D:6             Orc (0/4) D:10
   Lair (0/8) D:10

Altars:
Ashenzari
Dithmenos
Elyvilon
Kikubaaqudgha
Makhleb
Nemelex Xobeh
Qazlal
Trog
Vehumet
Xom
Yredelemnul
Zin


Innate Abilities, Weirdness & Mutations

You are too large for most types of armour.
You have tough skin (AC +1).
You have a pair of small horns on your head.
You are agile. (Dex +2)
You have an increased reservoir of magic (+10% MP).


Message History

You are feeling hungry.
The kobold hits you with a whip.
* * * LOW HITPOINT WARNING * * *
The troll closely misses you. x2
The troll claws you!
* * * LOW HITPOINT WARNING * * *
The electric eel shoots out a bolt of electricity!
The bolt of electricity hits you!
* * * LOW HITPOINT WARNING * * *
The electric eel shoots out a bolt of electricity!
The bolt of electricity hits you!
* * * LOW HITPOINT WARNING * * *
You miss the electric eel. You headbutt the electric eel.
The electric eel is moderately wounded.
The kobold hits you with a whip.
* * * LOW HITPOINT WARNING * * *
You completely miss the electric eel. Your headbutt misses the electric eel.
The electric eel is moderately wounded.
The troll closely misses you. The troll claws you!
You die...

#. ####............
#.##.......####....
#..........##......
#..........#..%.#.#
#.........(.....#.#
#######.........#...##.#
...........≈...........#
#......K%...≈%.≈........#
#.....≈T@.≈≈≈≈≈≈..≈.....#
....≈≈≈≈;≈≈≈≈≈≈≈≈≈≈...%.)
..≈≈≈≈≈≈≈≈≈..≈≈≈≈.....##
.....≈≈≈≈...≈..≈≈≈....#
..≈≈≈≈≈≈......≈≈≈.≈≈....
...........>..≈≈≈≈....#
≈;≈≈≈≈.≈....≈≈≈≈.....#
≈≈≈≈≈.≈≈≈≈≈.≈≈≈≈....#
≈.≈≈ ≈≈≈≈≈≈...##


You could see a troll, 2 electric eels and a kobold.

Vanquished Creatures
  Joseph (D:7)
  A two-headed ogre (D:9)
  A griffon zombie (D:10)
  3 yaks (D:10)
  A wraith (D:10)
  A soldier ant (D:8)
  2 hippogriffs
  Edmund (D:5)
  Menkaure (D:4)
  4 wolves (D:10)
  4 orc warriors
  A swamp drake (D:10)
  3 sky beasts
  A spider (D:8)
  A yellow wasp (D:8)
  2 black bears (D:9)
  A phantom (D:6)
  4 centaurs
  8 ogres
  Duvessa (D:7)
  3 giant frogs
  A cyclops skeleton (D:10)
  4 scorpions
  6 wights
  A yak zombie (D:10)
  An electric eel (D:10)
  8 killer bees (D:8)
  4 crimson imps
  2 giant frog zombies
  Dowan (D:7)
  6 orc priests
  An elf zombie (D:8)
  4 goliath beetles
  3 jellies
  A black bear skeleton (D:8)
  6 hounds
  Natasha (thrice) (D:5)
  2 iguanas
  12 orc wizards
  7 worker ants
  A killer bee zombie (D:5)
  Ijyb (D:5)
  9 adders
  A gnoll zombie (D:9)
  5 green rats (D:8)
  4 giant mites
  3 shadow imps
  5 worms
  An adder skeleton (D:3)
  An iguana skeleton (D:7)
  6 giant geckos
  2 oozes (D:6)
  51 orcs
  A bat zombie (D:7)
  5 giant cockroaches
  12 hobgoblins
  12 jackals
  A ball python (D:5)
  24 bats
  8 giant newts
  14 goblins
  11 kobolds
  A kobold zombie (D:7)
  6 quokkas
  47 rats
  4 rat zombies (D:7)
354 creatures vanquished.

Vanquished Creatures (collateral kills)
  A phantom (D:4)
1 creature vanquished.

Vanquished Creatures (others)
  A bat (D:10)
1 creature vanquished.

Grand Total: 356 creatures vanquished

Notes
Turn   | Place    | Note
--------------------------------------------------------------
     0 | D:1      | Huymann, the Ogre Berserker, began the quest for the Orb.
     0 | D:1      | Reached XP level 1. HP: 24/24 MP: 1/1
   124 | D:1      | Reached XP level 2. HP: 26/32 MP: 2/2
   403 | D:1      | Acquired Trog's second power
   430 | D:1      | Reached XP level 3. HP: 35/39 MP: 3/3
   641 | D:1      | Reached skill level 1 in Stealth
   849 | D:2      | Reached XP level 4. HP: 42/49 MP: 4/4
  1420 | D:2      | Received a gift from Trog
  1431 | D:2      | Reached skill level 5 in Maces & Flails
  1620 | D:2      | Reached XP level 5. HP: 28/55 MP: 5/5
  2515 | D:3      | Reached skill level 5 in Fighting
  2515 | D:3      | Reached XP level 6. HP: 55/66 MP: 6/6
  2558 | D:3      | Acquired Trog's third power
  2726 | D:3      | Found a glowing silver altar of Zin.
  2875 | D:4      | Noticed Menkaure
  2890 | D:4      | Killed Menkaure
  3117 | D:4      | Reached XP level 7. HP: 67/74 MP: 7/7
  3157 | D:4      | Reached skill level 6 in Maces & Flails
  3299 | D:4      | Reached skill level 5 in Dodging
  4008 | D:5      | Entered Level 5 of the Dungeon
  4035 | D:5      | Found a basalt altar of Yredelemnul.
  4035 | D:5      | Noticed Natasha
  4050 | D:5      | Killed Natasha
  4179 | D:5      | Noticed Ijyb
  4183 | D:5      | Killed Ijyb
  4183 | D:5      | Reached XP level 8. HP: 82/84 MP: 8/8
  4193 | D:5      | Noticed Edmund
  4209 | D:5      | Reached skill level 1 in Evocations
  4212 | D:5      | Gained mutation: You have an increased reservoir of magic (+10% MP). [potion of mutation]
  4212 | D:5      | Gained mutation: You have a pair of small horns on your head. [potion of mutation]
  4212 | D:5      | Gained mutation: You are agile. (Dex +2) [potion of mutation]
  4216 | D:5      | Killed Edmund
  4216 | D:5      | Reached skill level 7 in Maces & Flails
  4240 | D:5      | Noticed Natasha
  4245 | D:5      | Killed Natasha
  4271 | D:5      | Noticed Natasha
  4282 | D:5      | Killed Natasha
  4695 | D:6      | Found a shimmering altar of Xom.
  4695 | D:6      | Found a sparkling altar of Nemelex Xobeh.
  4695 | D:6      | Found a white marble altar of Elyvilon.
  4728 | D:6      | Found a staircase to the Ecumenical Temple.
  4839 | D:6      | Found a burning altar of Makhleb.
  5211 | D:6      | Reached skill level 8 in Maces & Flails
  5438 | D:6      | Reached XP level 9. HP: 93/93 MP: 13/13
  5854 | D:6      | Found a bloodstained altar of Trog.
  6054 | D:6      | Found a shadowy altar of Dithmenos.
  6424 | D:7      | Reached skill level 9 in Maces & Flails
  6526 | D:7      | Noticed Duvessa
  6537 | D:7      | Noticed Dowan
  6542 | D:7      | Killed Dowan
  6549 | D:7      | Killed Duvessa
  6612 | D:7      | Noticed Joseph
  6621 | D:7      | Killed Joseph
  6621 | D:7      | Reached skill level 5 in Stealth
  6655 | D:7      | Found an ancient bone altar of Kikubaaqudgha.
  6752 | D:7      | Found a shattered altar of Ashenzari.
  6762 | D:7      | Found a stormy altar of Qazlal.
  6765 | D:7      | Found a radiant altar of Vehumet.
  6806 | D:7      | Received a gift from Trog
  7586 | D:8      | Reached XP level 10. HP: 100/106 MP: 17/17
  7604 | D:8      | Reached skill level 10 in Maces & Flails
  8423 | D:8      | Found an ancient bone altar of Kikubaaqudgha.
  9382 | D:9      | Received a gift from Trog
  9622 | D:9      | Reached skill level 1 in Throwing
  9953 | D:9      | Found a burning altar of Makhleb.
 10088 | D:10     | Entered Level 10 of the Dungeon
 10095 | D:10     | Reached skill level 11 in Maces & Flails
 10230 | D:10     | Reached skill level 5 in Evocations
 10670 | D:10     | Found a staircase to the Orcish Mines.
 10683 | D:10     | Received a gift from Trog
 10688 | D:10     | Reached skill level 10 in Fighting
 10688 | D:10     | Reached XP level 11. HP: 112/117 MP: 20/20
 10893 | D:10     | Got an ichor-stained giant club {god gift}
 10894 | D:10     | Identified the +7 giant club of Insomnia {flame, Int+1} (Trog gifted it to you on level 10 of the Dungeon)
 10959 | D:10     | Got a crystal long sword
 11589 | D:10     | Found a staircase to the Lair.
 11613 | D:10     | Slain by a troll

Action                   |  1- 3 |  4- 6 |  7- 9 | 10-12 || total
-------------------------+-------+-------+-------+-------++-------
Melee: Mace              |   127 |   169 |    42 |       ||   338
       Giant spiked club |       |       |   328 |   209 ||   537
       Giant club        |       |       |       |    39 ||    39
Throw: Stone             |     2 |    10 |     1 |     3 ||    16
       Large rock        |       |       |       |     8 ||     8
Invok: Berserk           |     1 |     4 |     9 |     6 ||    20
       Trog's Hand       |       |     1 |       |     1 ||     2
       Brothers in Arms  |       |       |     1 |       ||     1
Evoke: Wand              |       |       |     2 |     1 ||     3
  Use: Scroll            |       |    12 |     6 |     1 ||    19
       Potion            |       |     1 |     6 |     5 ||    12
 Stab: Sleeping          |       |       |     6 |     2 ||     8
  Eat: Chunk             |       |    11 |    24 |    15 ||    50
       Pizza             |       |     1 |       |       ||     1
       Fruit             |       |       |       |     2 ||     2
       Beef jerky        |       |       |       |     1 ||     1
